 Dungeon Crawl Stone Soup version 0.20.1-1-g8b1a95d (webtiles) character file.

1002 ChrisB the Bolt Thrower (level 8, -8/66 HPs)
             Began as a Deep Dwarf Hunter on Dec 4, 2017.
             Mangled by ChrisB's ghost (12 damage)
             ... on level 5 of the Dungeon.
             The game lasted 00:37:27 (4790 turns).

ChrisB the Bolt Thrower (Deep Dwarf Hunter)         Turns: 4790, Time: 00:37:28

Health: -8/66      AC:  5    Str: 17    XL:     8   Next: 0%
Magic:  0/0        EV: 14    Int: 13    God:
Gold:   203        SH:  0    Dex: 13    Spells: 7/7 levels left

rFire    . . .     SeeInvis .   a - +1 hand crossbow
rCold    . . .     Gourm    .   (no shield)
rNeg     . . .     Faith    .   c - +1 leather armour
rPois    .         Spirit   .   (no helmet)
rElec    .         Reflect  .   (no cloak)
rCorr    .         Harm     .   (no gloves)
MR       +....                  n - +0 pair of boots
Stlth    ++........             (no amulet)
Regen    0.0/turn               (no ring)
MPRegen  0.1/turn               (no ring)

@: non-regenerating
A: damage resistance, heal wounds, sense surroundings 1, no regeneration
a: Heal Wounds


You were on level 5 of the Dungeon.
You were not hungry.

You visited 1 branch of the dungeon, and saw 5 of its levels.

You collected 203 gold pieces.

Inventory:

Hand Weapons
 a - a +1 hand crossbow (weapon)
 o - a +0 war axe
Armour
 c - a +1 leather armour (worn)
 n - a +0 pair of boots (worn)
Jewellery
 v - a cursed ring of resist corrosion {unknown}
 x - a +2 ring of strength {unknown}
Scrolls
 e - 6 scrolls of magic mapping
 i - a scroll of enchant armour
 j - a scroll of fear
 l - 2 scrolls of amnesia
 p - a scroll of identify
 s - a scroll of immolation {unknown}
 t - 2 scrolls of fog
 u - 2 scrolls of remove curse
 z - a scroll of recharging {unknown}
Potions
 g - a potion of mutation {unknown}
 h - 2 potions of curing
 k - a potion of might
 q - a potion of brilliance {unknown}
 r - a potion of degeneration {unknown}
Comestibles
 b - a royal jelly
 f - 2 bread rations
 m - a meat ration
 w - 3 fruits


   Skills:
 - Level 1.7 Fighting
   Level 0.6 Short Blades
 + Level 5.3 Axes
 * Level 7.4 Crossbows
 * Level 5.7 Dodging
 + Level 2.6 Stealth


You had 7 spell levels left.
You didn't know any spells.

Dungeon Overview and Level Annotations

Branches:
Dungeon (5/15)
 Temple: D:4-7

Altars:
Ashenzari
Fedhas
Sif Muna
Vehumet

Annotations:
D:5 ChrisB's ghost, novice DDFi


Innate Abilities, Weirdness & Mutations

You are resistant to damage.
You can heal yourself by infusing magical energy.
You passively map a small area around you.
You do not regenerate.


Message History

You open the door.
There is an open door here.
There is an open door here.
You are too injured to fight recklessly!
You are too injured to fight recklessly!
ChrisB's ghost whispers, "You will understand me better in a moment."
You see here 3 bolts.
You see here a bolt.
You see here a bolt.
You see here a bolt.
You see here 2 bolts.
ChrisB's ghost barely misses you. ChrisB's ghost completely misses you.
Found an escape hatch in the ceiling.
There is an open door here.
ChrisB's ghost says, "What do you have that I didn't have?"
ChrisB's ghost completely misses you.
There is an escape hatch in the ceiling here.
ChrisB's ghost hits you!
You die...

###### #....# #...@#
#..W.# #....# ##'####
#.....# #.....# ,
#.....# #.....#
#.....################


You could see ChrisB's ghost.

Vanquished Creatures
  Grinder (D:4)
  2 ogres (D:4)
  A phantom (D:4)
  A centaur (D:5)
  A scorpion (D:4)
  A howler monkey (D:5)
  A crimson imp (D:5)
  A bullfrog zombie (D:5)
  A hound (D:4)
  An orc wizard (D:5)
  A centaur skeleton (D:5)
  Jessica (D:2)
  2 iguanas (D:4)
  2 worker ants (D:4)
  A hound skeleton (D:5)
  4 adders
  An adder skeleton (D:5)
  3 leopard geckos
  6 orcs
  A giant cockroach (D:1)
  7 goblins
  7 hobgoblins
  6 jackals
  8 kobolds
  2 ball pythons (D:1)
  5 bats
  3 frilled lizards
  A quokka skeleton (D:4)
  7 rats
79 creatures vanquished.

Vanquished Creatures (others)
  A plant (D:1)
1 creature vanquished.

Grand Total: 80 creatures vanquished

Notes
Turn   | Place    | Note
-------+----------+-------------------------------------------
     0 | D:1      | ChrisB the Deep Dwarf Hunter began the quest for the Orb.
     0 | D:1      | Reached XP level 1. HP: 19/19 MP: 1/1
   195 | D:2      | Reached XP level 2. HP: 20/26 MP: 2/2
   338 | D:2      | Found a shattered altar of Ashenzari.
   466 | D:2      | Reached skill level 5 in Crossbows
   891 | D:1      | Reached XP level 3. HP: 32/32 MP: 2/2
  2183 | D:2      | Noticed Jessica
  2213 | D:2      | Killed Jessica
  2213 | D:2      | Reached XP level 4. HP: 38/39 MP: 3/3
  2368 | D:2      | Found a radiant altar of Vehumet.
  2506 | D:3      | Reached skill level 1 in Axes
  3322 | D:4      | Noticed Grinder
  3337 | D:4      | Paralysed by Grinder for 2 turns
  3341 | D:4      | Paralysed by Grinder for 4 turns
  3347 | D:4      | Paralysed by Grinder for 6 turns
  3377 | D:4      | Paralysed by Grinder for 5 turns
  3388 | D:4      | Killed Grinder
  3388 | D:4      | Reached XP level 5. HP: 32/45 MP: 3/3
  3388 | D:4      | Reached XP level 6. HP: 38/52 MP: 4/4
  3556 | D:5      | Entered Level 5 of the Dungeon
  3620 | D:4      | Found a deep blue altar of Sif Muna.
  3651 | D:4      | Reached skill level 6 in Crossbows
  3662 | D:4      | Reached skill level 5 in Dodging
  3842 | D:4      | Reached XP level 7. HP: 45/58 MP: 4/4
  3854 | D:4      | Found a blossoming altar of Fedhas.
  4113 | D:5      | Reached skill level 5 in Axes
  4155 | D:5      | Reached skill level 7 in Crossbows
  4406 | D:5      | Reached XP level 8. HP: 52/66 MP: 4/4
  4459 | D:5      | Noticed ChrisB's ghost (novice DDFi)
  4790 | D:5      | Mangled by ChrisB's ghost

Skill      XL: |  1  2  3  4  5  6  7 |
---------------+----------------------+-----
Crossbows      | 5 6 7 |  7.4
Dodging        | 3 4 5 |  5.7
Axes           | 3 4 5 |  5.3
Stealth        | 2 |  2.6
Fighting       | |  1.7
Short Blades   | |  0.6

Action                   |  1- 3 |  4- 6 |  7- 9 || total
-------------------------+-------+-------+-------++-------
Melee: Short sword       |    70 |       |       ||    70
       Hand axe          |   120 |    23 |       ||   143
       War axe           |       |    86 |    82 ||   168
       Hand crossbow     |       |       |     1 ||     1
 Fire: Hand crossbow     |       |    22 |    29 ||    51
 Abil: Heal Wounds       |     6 |     9 |    13 ||    28
  Use: Scroll            |     4 |     5 |     1 ||    10
       Potion            |     1 |       |     1 ||     2
  Eat: Bread ration      |     1 |       |     1 ||     2
       Chunk             |       |     5 |     2 ||     7
Armor: Leather armour    |    55 |    28 |    19 ||   102
Dodge: Dodged            |   174 |    81 |    74 ||   329
